 Dungeon Crawl Stone Soup version 0.30-a0-4-ga7cffc901d (webtiles) character file.

Game seed: 4815618449613103171

39 Dermit the Chopper (level 3, -2/43 HPs)
             Began as a Demonspawn Berserker on Aug 22, 2022.
             Was a Follower of Trog.
             Slain by an orc priest
             ... wielding a +0 short sword
              (4 damage)
             ... on level 2 of the Dungeon.
             The game lasted 00:03:02 (1387 turns).

Dermit the Chopper (Demonspawn Berserker)           Turns: 1387, Time: 00:03:03

Health: -2/43      AC:  6    Str: 19    XL:     3   Next: 28%
Magic:  3/3        EV: 11    Int:  8    God:    Trog [*.....]
Gold:   107        SH:  0    Dex: 12    Spells: 2/2 levels left

rFire   . . .      SeeInvis .    h - +0 war axe (drain)
rCold   . . .      Faith    .    (no shield)
rNeg    . . .      Spirit   .    e - +0 ring mail
rPois   .          Reflect  .    c - +0 helmet
rElec   .          Harm     .    (no cloak)
rCorr   .          Rampage  .    (no gloves)
Will    .....                    (no boots)
Stlth   ..........               (no amulet)
HPRegen 0.14/turn                (no ring)
MPRegen 0.08/turn                (no ring)

@: berserking, very quick
A: demonic guardian 1
a: Renounce Religion, Berserk


You were on level 2 of the Dungeon.
You worshipped Trog.
Trog was aware of your devotion.
You visited 1 branch of the dungeon, and saw 2 of its levels.

You collected 107 gold pieces.

Inventory:

Hand Weapons
 a - a +0 hand axe
 h - a +0 war axe of draining (weapon)
Armour
 c - a +0 helmet (worn)
 e - a +0 ring mail (worn)
Scrolls
 b - a scroll of blinking {unknown}
 g - a scroll of amnesia {unknown}
 j - a scroll of enchant armour {unknown}
Potions
 d - 3 potions of mutation {unknown}
 f - a potion of invisibility {unknown}
 i - a potion of attraction {unknown}
 k - a potion of resistance {unknown}


   Skills:
 + Level 3.2 Fighting
 + Level 3.6 Axes
 + Level 2.0 Armour
 + Level 1.8 Dodging


You had 2 spell levels left.
You didn't know any spells.
Your spell library was empty.

Dungeon Overview and Level Annotations

Branches:
Dungeon (2/15)

Altars:


Innate Abilities, Weirdness & Mutations

A weak demonic guardian rushes to your aid.


Message History

The orc priest moves out of view.
You see here a glowing emerald potion.
k - a glowing emerald potion The orc hits you with a +0 hand axe.
You hit the orc. You drain the orc.
You kill the orc!
Trog accepts your kill.
Your Armour skill increases to level 2!
You slash the orc!
You kill the orc!
Trog accepts your kill.
You barely miss the orc priest.
The orc priest hits you with a +0 short sword.
The orc priest hits you but does no damage.
You slash the orc priest!
The orc priest is severely wounded.
The orc priest invokes the aid of Beogh against you.
Pain shoots through your body!
A demonic guardian appears!
You are too injured to fight recklessly!
Unknown command.
A red film seems to cover your vision as you go berserk!
You feel yourself moving faster!
You feel mighty! The orc priest closely misses you.
You are too injured to fight recklessly!
You are too injured to fight recklessly!
You are too injured to fight recklessly!
You are too injured to fight recklessly!
You barely miss the orc priest.
The orc priest is severely wounded.
The orc priest mumbles some strange prayers to Beogh against you.
Pain shoots through your body!
You closely miss the orc priest.
The orc priest is severely wounded.
The orc priest mumbles some strange prayers to Beogh against you.
Beogh smites you!
* * * LOW HITPOINT WARNING * * *
You barely miss the orc priest.
The orc priest is severely wounded.
The orc priest hits you with a +0 short sword.
You die...

#.#.....# ##.#.#...
#...##### ######.#...#.
..#.. .. #.....†......
#..#.#.#.### #.(..........
#..#.#...... #.....)......
#...... #............
#...... #............
#......#######............
#......wo@5.........)....#
.......o######...........#
#....##.. ###.#.#######
#... ###. #...# #.. o.
...## #w .# ..## # o# .#


o You could see a worm, an orc priest (ally target), an orc and a friendly
ufetubus (summoned).

Vanquished Creatures
  2 adders (D:2)
  2 orcs (D:2)
  A ball python (D:2)
  2 bats (D:2)
  An endoplasm (D:1)
  A giant cockroach (D:2)
  5 goblins
  A kobold (D:2)
  2 frilled lizards
  2 rats
19 creatures vanquished.

Notes
Turn   | Place    | Note
-------+----------+-------------------------------------------
     0 | D:1      | Dermit the Demonspawn Berserker began the quest for the
                  | Orb.
     0 | D:1      | Reached XP level 1. HP: 18/18 MP: 1/1
   751 | D:1      | Found a faded altar of an unknown god.
   853 | D:2      | Gained mutation: A weak demonic guardian rushes to your
                  | aid. [demonic ancestry]
   853 | D:2      | Reached XP level 2. HP: 19/24 MP: 2/2
  1029 | D:2      | Reached XP level 3. HP: 8/29 MP: 3/3
  1386 | D:2      | HP: 2/43 [orc priest/divine providence (12)]
  1387 | D:2      | Slain by an orc priest

Illustrated notes

Levels and vault maps discovered:
D:1:      dpeg_arrival_oval, layout_basic,
          shapermc_ecumenical_altar_mp_urbaneastern
D:2:      layout_basic, serial_shops, shop

Skill      XL: |  1  2  3 |
---------------+----------+-----
Axes           | 3 |  3.6
Armour         | 2 |  2.0
Fighting       | |  3.2
Dodging        | |  1.8

Action                   || total
-------------------------++-------
Melee: Hand axe          ||    28
       War axe           ||    34
Invok: Berserk           ||     2
Armor: Ring mail         ||    34
       Animal skin       ||     1
Dodge: Dodged            ||    50

Table legend: (Time is in decaauts)
 A = Elapsed time spent in this place.
 B = Non-inter-level travel time spent in this place.
 C = Inter-level travel time spent in this place.
 D = Time resting spent in this place.
 E = Time spent auto-exploring this place.
 F = Levels seen in this place.
 G = Mean time per level.
                   A        B        C        D        E       F      G
               +--------+--------+--------+--------+--------+-----+--------+
         Total |   1410 |   1391 |     19 |    261 |    860 |   2 |  705.0 |
       Dungeon |   1410 |   1391 |     19 |    261 |    860 |   2 |  705.0 |
               +--------+--------+--------+--------+--------+-----+--------+

Top non-repeatable levels by time:
     D:1: 849 daAuts
     D:2: 560 daAuts
